NYP
CINCINNATI (NYP) REDS @ BOISE HAWKS
08/07/2047
 
TOP OF THE 1ST
Cincinnati (NYP) Reds batting - Pitching for Boise Hawks : RHP Dave Shanks
Pitching: RHP Dave Shanks
Batting: LHB Jason Pirkle 0-0: Ball
1-0: Foul Ball, location: 2F
1-1: Ground out 6-3 (Groundball, 6, EV 91.2 MPH)
Batting: RHB Cyd Carver 0-0: Ball
1-0: Ball
2-0: Ball
3-0: Base on Balls
Batting: LHB Matthew Berry 0-0: Called Strike
0-1: Ball
1-1: SINGLE (Line Drive, 5D, EV 99.4 MPH)
Cyd Carver to second
Batting: LHB Matt Kennedy 0-0: Ball
1-0: Reached on error, E4 (Groundball, 4, EV 77.5 MPH)
Cyd Carver to third
Matthew Berry to second
Batting: SHB Tim Utz 0-0: Ball
1-0: Ball
2-0: Foul Ball, location: 2F
2-1: Foul Ball, location: 2F
2-2: Ball
3-2: SINGLE (Line Drive, 56D, EV 96.9 MPH)
Cyd Carver scores
Matthew Berry to third
Matt Kennedy to second
Batting: LHB Steven Wamble 0-0: Ball
1-0: Foul Ball, location: 2F
1-1: Ball
2-1: Ball
3-1: Base on Balls
Matthew Berry scores
Matt Kennedy to third
Tim Utz to second
Batting: RHB John Galluzzo 0-0: SINGLE (Flyball, 8LS, EV 101.2 MPH)
Matt Kennedy scores
Tim Utz to third
Steven Wamble to second
Runner from 3rd tries for Home, SAFE, throw by CF to home
Batting: RHB Tim Walter 0-0: Called Strike
0-1: Ball
1-1: Grounds into double play, 6-4-3 (Groundball, 6S, EV 78.1 MPH)
Top of the 1st over - 4 runs, 3 hits, 1 error, 1 left on base; Cincinnati (NYP) 4 - Boise 0
BOTTOM OF THE 1ST
Boise Hawks batting - Pitching for Cincinnati (NYP) Reds : LHP Davy Thorne
Pitching: LHP Davy Thorne
Batting: RHB Kevin McKasson 0-0: Ball
1-0: Ball
2-0: Ball
3-0: Called Strike
3-1: Swinging Strike
3-2: Fly out, F8 (Line Drive, 78D, EV 86.9 MPH)
Batting: RHB Shawn Weber 0-0: Ball
1-0: Called Strike
1-1: Ball
2-1: Ball
3-1: Base on Balls
Batting: LHB Paul McClintock 0-0: Ball
Wild Pitch!
Shawn Weber to second
1-0: Foul Ball, location: 2F
1-1: Ball
2-1: Foul Ball, location: 2F
2-2: Strikes out looking
Batting: LHB Barnabé Metrass 0-0: Reached on error, E4 (Groundball, 4, EV 101.2 MPH)
Shawn Weber scores
Batting: SHB Nestor Ramirez 0-0: Called Strike
0-1: Ball
1-1: Foul Ball, location: 2F
1-2: Ball
Balk!
Barnabé Metrass to third
2-2: Fly out, F9 (Line Drive, 9, EV 96.2 MPH)
Bottom of the 1st over - 1 run, 0 hits, 1 error, 1 left on base; Cincinnati (NYP) 4 - Boise 1
TOP OF THE 2ND
Cincinnati (NYP) Reds batting - Pitching for Boise Hawks : RHP Dave Shanks
Batting: RHB R.J. Romberg 0-0: Ball
1-0: Ball
2-0: Ball
3-0: Base on Balls
Batting: LHB Jason Pirkle 0-0: Called Strike
0-1: Ball
1-1: Ball
2-1: SINGLE (Line Drive, 8RS, EV 96.2 MPH)
R.J. Romberg to second
Runner from 2nd tries for 3rd, SAFE, no throw by CF
Batting: RHB Cyd Carver 0-0: Ball
1-0: Ball
2-0: Ball
3-0: Called Strike
3-1: Foul Ball, location: 2F
3-2: Strikes out swinging
Batting: LHB Matthew Berry 0-0: Called Strike
0-1: Ball
Wild Pitch!
R.J. Romberg scores
Jason Pirkle to second
1-1: Ball
2-1: Ball
3-1: 2-RUN HOME RUN (Flyball, 9LD, EV 95.6 MPH), Distance : 346 ft
Pitching: RHP Dane Long
Batting: LHB Matt Kennedy 0-0: Ball
1-0: Called Strike
1-1: Swinging Strike
1-2: Ball
2-2: Strikes out looking
Batting: SHB Tim Utz 0-0: SINGLE (Groundball, 4MD, EV 107.5 MPH)
Batting: LHB Steven Wamble 0-0: Ball
1-0: Called Strike
1-1: Foul Ball, location: 2F
1-2: DOUBLE (Line Drive, 9LD, EV 100.0 MPH)
Tim Utz to third
Batting: RHB John Galluzzo 0-0: Called Strike
0-1: Fly out, F9 (Flyball, 9S, EV 78.1 MPH)
Top of the 2nd over - 3 runs, 4 hits, 0 errors, 2 left on base; Cincinnati (NYP) 7 - Boise 1
BOTTOM OF THE 2ND
Boise Hawks batting - Pitching for Cincinnati (NYP) Reds : LHP Davy Thorne
Batting: RHB Larry Hardman 0-0: Ball
1-0: Ball
2-0: Called Strike
2-1: Foul Ball, location: 2F
2-2: Strikes out looking
Batting: RHB Steve Blackshear 0-0: Swinging Strike
0-1: Ball
1-1: Foul Ball, location: 2F
1-2: Ball
2-2: Foul Ball, location: 2F
2-2: Foul Ball, location: 2F
2-2: Foul Ball, location: 2F
2-2: Ball
3-2: Strikes out swinging
Batting: RHB Chris Kinder 0-0: Ball
1-0: Swinging Strike
1-1: Ball
2-1: Swinging Strike
2-2: Strikes out looking
Bottom of the 2nd over - 0 runs, 0 hits, 0 errors, 0 left on base; Cincinnati (NYP) 7 - Boise 1
TOP OF THE 3RD
Cincinnati (NYP) Reds batting - Pitching for Boise Hawks : RHP Dane Long
Batting: RHB Tim Walter 0-0: Called Strike
0-1: Foul Ball, location: 2F
0-2: Foul Ball, location: 2F
0-2: Ball
1-2: Ball
2-2: Foul Ball, location: 2F
2-2: Ball
3-2: Foul Ball, location: 2F
3-2: Strikes out looking
Pitching: RHP Lorenzo Pacheco
Batting: RHB R.J. Romberg 0-0: Swinging Strike
0-1: Ball
1-1: Fly out, F8 (Flyball, 8RXD, EV 111.9 MPH)
Batting: LHB Jason Pirkle 0-0: Ball
1-0: Ground out 6-3 (Groundball, 6, EV 109.4 MPH)
Top of the 3rd over - 0 runs, 0 hits, 0 errors, 0 left on base; Cincinnati (NYP) 7 - Boise 1
BOTTOM OF THE 3RD
Boise Hawks batting - Pitching for Cincinnati (NYP) Reds : LHP Davy Thorne
Batting: RHB Chris Simmons 0-0: Foul Ball, location: 2F
0-1: Ball
1-1: DOUBLE (Groundball, 5L, EV 104.4 MPH)
Batting: RHB Kevin McKasson 0-0: Called Strike
0-1: Foul Ball, location: 2F
0-2: Ball
1-2: Strikes out swinging
Batting: RHB Shawn Weber 0-0: Called Strike
0-1: Called Strike
0-2: Strikes out swinging
Batting: LHB Paul McClintock 0-0: Ball
1-0: Called Strike
1-1: Swinging Strike
1-2: Ball
2-2: Ball
3-2: Foul Ball, location: 2F
3-2: SINGLE (Line Drive, 78S, EV 107.5 MPH)
Chris Simmons to third
Runner from 3rd tries for Home, SAFE, throw by LF to home
Batting: LHB Barnabé Metrass 0-0: Called Strike
0-1: Foul Ball, location: 2F
0-2: Ball
1-2: Strikes out swinging
Bottom of the 3rd over - 1 run, 2 hits, 0 errors, 1 left on base; Cincinnati (NYP) 7 - Boise 2
TOP OF THE 4TH
Cincinnati (NYP) Reds batting - Pitching for Boise Hawks : RHP Lorenzo Pacheco
Batting: RHB Cyd Carver 0-0: Foul Ball, location: 2F
0-1: Called Strike
0-2: Strikes out swinging
Batting: LHB Matthew Berry 0-0: Called Strike
0-1: Foul Ball, location: 2F
0-2: Ball
1-2: Strikes out swinging
Batting: LHB Matt Kennedy 0-0: Ball
1-0: Ball
2-0: Called Strike
2-1: Swinging Strike
2-2: Ball
3-2: Base on Balls
Batting: SHB Tim Utz 0-0: Ball
1-0: SINGLE (Line Drive, 7S, EV 103.1 MPH)
Matt Kennedy to second
Batting: LHB Steven Wamble 0-0: Called Strike
0-1: Hit by Pitch
Matt Kennedy to third
Tim Utz to second
Batting: RHB John Galluzzo 0-0: Foul Ball, location: 2F
0-1: Swinging Strike
0-2: Strikes out swinging
Top of the 4th over - 0 runs, 1 hit, 0 errors, 3 left on base; Cincinnati (NYP) 7 - Boise 2
BOTTOM OF THE 4TH
Boise Hawks batting - Pitching for Cincinnati (NYP) Reds : LHP Davy Thorne
Batting: SHB Nestor Ramirez 0-0: Called Strike
0-1: Swinging Strike
0-2: Strikes out swinging
Batting: RHB Larry Hardman 0-0: Called Strike
0-1: Foul Ball, location: 2F
0-2: Strikes out swinging
Batting: RHB Steve Blackshear 0-0: Called Strike
0-1: Ball
1-1: Foul Ball, location: 2F
1-2: Strikes out swinging
Bottom of the 4th over - 0 runs, 0 hits, 0 errors, 0 left on base; Cincinnati (NYP) 7 - Boise 2
TOP OF THE 5TH
Cincinnati (NYP) Reds batting - Pitching for Boise Hawks : RHP Lorenzo Pacheco
Batting: RHB Tim Walter 0-0: Called Strike
0-1: Called Strike
0-2: Ball
1-2: Foul Ball, location: 2F
1-2: Ground out 6-3 (Groundball, 6, EV 84.4 MPH)
Batting: RHB R.J. Romberg 0-0: Called Strike
0-1: Ball
1-1: Ball
2-1: Ground out 5-3 (Groundball, 56, EV 81.9 MPH)
Batting: LHB Jason Pirkle 0-0: Ball
1-0: Ball
2-0: Ball
3-0: Called Strike
3-1: Base on Balls
Batting: RHB Cyd Carver 0-0: Ball
1-0: Foul Ball, location: 2F
1-1: DOUBLE (Flyball, 8RD, EV 106.9 MPH)
Jason Pirkle to third
Batting: LHB Matthew Berry 0-0: Ball
1-0: Ground out U3 (Groundball, 3S, EV 83.8 MPH)
Top of the 5th over - 0 runs, 1 hit, 0 errors, 2 left on base; Cincinnati (NYP) 7 - Boise 2
BOTTOM OF THE 5TH
Boise Hawks batting - Pitching for Cincinnati (NYP) Reds : LHP Davy Thorne
Batting: RHB Chris Kinder 0-0: SINGLE (Flyball, 8RS, EV 83.1 MPH)
Batting: RHB Chris Simmons 0-0: Ball
1-0: Ball
2-0: Ball
3-0: Called Strike
3-1: Foul Ball, location: 2F
3-2: Strikes out swinging
Batting: RHB Kevin McKasson 0-0: Ball
1-0: Fielders Choice at 2nd, 5-4 (Groundball, 56S, EV 86.2 MPH)
Now at 2B: Cyd Carver
Now at SS: Yasusaburo Kuwahara
Batting: RHB Shawn Weber 0-0: Ball
1-0: Ball
2-0: Ball
3-0: Called Strike
3-1: Swinging Strike
3-2: Strikes out looking
Bottom of the 5th over - 0 runs, 1 hit, 0 errors, 1 left on base; Cincinnati (NYP) 7 - Boise 2
TOP OF THE 6TH
Cincinnati (NYP) Reds batting - Pitching for Boise Hawks : RHP Lorenzo Pacheco
Batting: LHB Matt Kennedy 0-0: Called Strike
0-1: Ball
1-1: Ball
2-1: Ball
3-1: Base on Balls
Batting: SHB Tim Utz 0-0: Ball
1-0: Ball
2-0: Called Strike
2-1: Ball
3-1: Base on Balls
Matt Kennedy to second
Batting: LHB Steven Wamble 0-0: Ball
1-0: Called Strike
1-1: Swinging Strike
1-2: Ball
2-2: Foul Ball, location: 2F
2-2: Foul Ball, location: 2F
2-2: Strikes out looking
Pitching: RHP Befikadu Mthuthuzeli
Batting: RHB John Galluzzo 0-0: Fielders Choice at 2nd, 3-6 (Groundball, 34S, EV 83.1 MPH)
Matt Kennedy to third
Batting: RHB Yasusaburo Kuwahara 0-0: Called Strike
0-1: Ball
1-1: Swinging Strike
1-2: Foul Ball, location: 2F
1-2: Ball
2-2: Strikes out looking
Top of the 6th over - 0 runs, 0 hits, 0 errors, 2 left on base; Cincinnati (NYP) 7 - Boise 2
BOTTOM OF THE 6TH
Boise Hawks batting - Pitching for Cincinnati (NYP) Reds : LHP Davy Thorne
Batting: LHB Paul McClintock 0-0: Ball
1-0: Ground out 5-3 (Groundball, 5, EV 85.6 MPH)
Batting: LHB Barnabé Metrass 0-0: Ball
1-0: Foul Ball, location: 2F
1-1: Foul Ball, location: 2F
1-2: Ball
2-2: Strikes out swinging
Batting: SHB Nestor Ramirez 0-0: Ball
1-0: Ball
2-0: Ball
3-0: Base on Balls
Pitching: RHP Danny Felan
Batting: RHB Larry Hardman 0-0: Called Strike
0-1: Ball
1-1: Ball
2-1: Foul Ball, location: 2F
2-2: Strikes out swinging
Bottom of the 6th over - 0 runs, 0 hits, 0 errors, 1 left on base; Cincinnati (NYP) 7 - Boise 2
TOP OF THE 7TH
Cincinnati (NYP) Reds batting - Pitching for Boise Hawks : RHP Befikadu Mthuthuzeli
Batting: RHB R.J. Romberg 0-0: Ball
1-0: Ball
2-0: Ball
3-0: Base on Balls
Batting: LHB Jason Pirkle 0-0: Ball
1-0: Fielders Choice at 2nd, 4-6 (Groundball, 4, EV 107.5 MPH)
Batting: RHB Cyd Carver 0-0: Ball
1-0: Called Strike
1-1: Ball
2-1: Grounds out, U3 (Groundball, 3L, EV 86.2 MPH)
Batting: LHB Matthew Berry 0-0: Ground out U3 (Groundball, 3, EV 106.2 MPH)
Top of the 7th over - 0 runs, 0 hits, 0 errors, 1 left on base; Cincinnati (NYP) 7 - Boise 2
BOTTOM OF THE 7TH
Boise Hawks batting - Pitching for Cincinnati (NYP) Reds : RHP Danny Felan
Batting: RHB Steve Blackshear 0-0: Called Strike
0-1: Called Strike
0-2: Foul Ball, location: 2F
0-2: Strikes out looking
Batting: RHB Chris Kinder 0-0: Called Strike
0-1: SOLO HOME RUN (Flyball, 78XD, EV 101.9 MPH), Distance : 422 ft
Batting: RHB Chris Simmons 0-0: Ball
1-0: Ball
2-0: Foul Ball, location: 2F
2-1: Ball
3-1: Called Strike
3-2: Foul Ball, location: 2F
3-2: Ground out 6-3 (Groundball, 6S, EV 91.2 MPH)
Batting: RHB Kevin McKasson 0-0: Called Strike
0-1: Ball
1-1: Ball
2-1: Ball
3-1: Foul Ball, location: 2F
3-2: Foul Ball, location: 2F
3-2: Base on Balls
Batting: RHB Shawn Weber 0-0: Called Strike
0-1: Foul Ball, location: 2F
0-2: Fly out, F6 (Popup, 4M, EV 77.5 MPH)
Bottom of the 7th over - 1 run, 1 hit, 0 errors, 1 left on base; Cincinnati (NYP) 7 - Boise 3
TOP OF THE 8TH
Cincinnati (NYP) Reds batting - Pitching for Boise Hawks : RHP Befikadu Mthuthuzeli
Batting: LHB Matt Kennedy 0-0: Called Strike
0-1: Swinging Strike
0-2: Ball
1-2: Ball
2-2: Ball
3-2: Foul Ball, location: 2F
3-2: Foul Ball, location: 2F
3-2: Ground out 4-3 (Groundball, 4, EV 110.6 MPH)
Batting: SHB Tim Utz 0-0: Ball
1-0: Ball
2-0: Foul Ball, location: 2F
2-1: Ball
3-1: Called Strike
3-2: Base on Balls
Batting: LHB Steven Wamble 0-0: Ball
1-0: Ball
2-0: Called Strike
2-1: Foul Ball, location: 2F
2-2: Ball
3-2: Base on Balls
Tim Utz to second
Batting: RHB John Galluzzo 0-0: Ball
1-0: Fielders Choice at 2nd, 6-4 (Groundball, 6, EV 105.0 MPH)
Tim Utz to third
Batting: RHB Yasusaburo Kuwahara 0-0: Ball
1-0: Ball
2-0: Ball
3-0: Called Strike
3-1: Called Strike
3-2: Strikes out swinging
Top of the 8th over - 0 runs, 0 hits, 0 errors, 2 left on base; Cincinnati (NYP) 7 - Boise 3
BOTTOM OF THE 8TH
Boise Hawks batting - Pitching for Cincinnati (NYP) Reds : RHP Danny Felan
Batting: LHB Paul McClintock 0-0: Foul Ball, location: 2F
0-1: Ball
1-1: Ball
2-1: Ball
3-1: Ground out 5-3 (Groundball, 56, EV 83.1 MPH)
Batting: LHB Barnabé Metrass 0-0: Foul Ball, location: 2F
0-1: Foul Ball, location: 2F
0-2: Strikes out looking
Batting: SHB Nestor Ramirez 0-0: Fly out, F9 (Flyball, 89S, EV 90.0 MPH)
Bottom of the 8th over - 0 runs, 0 hits, 0 errors, 0 left on base; Cincinnati (NYP) 7 - Boise 3
TOP OF THE 9TH
Cincinnati (NYP) Reds batting - Pitching for Boise Hawks : RHP Befikadu Mthuthuzeli
Batting: RHB R.J. Romberg 0-0: Ball
1-0: SINGLE (Groundball, 34D, EV 98.1 MPH)
Pitching: RHP Gorgonio Sigua
Batting: LHB Jason Pirkle 0-0: Ball
1-0: Fielders Choice at 2nd, 3-6 (Groundball, 34, EV 93.1 MPH)
Batting: RHB Cyd Carver 0-0: Fielders Choice at 2nd, 6-4 (Groundball, 6, EV 102.5 MPH)
Batting: LHB Matthew Berry 0-0: Called Strike
0-1: Ball
1-1: Ball
2-1: Ball
Cyd Carver steals 2nd base
3-1: Base on Balls
Batting: LHB Matt Kennedy 0-0: Ball
1-0: Ball
2-0: Ball
3-0: Called Strike
3-1: Base on Balls
Cyd Carver to third
Matthew Berry to second
Batting: SHB Tim Utz 0-0: GRAND SLAM HOME RUN (Flyball, 9LD, EV 94.4 MPH), Distance : 326 ft
Batting: LHB Steven Wamble 0-0: Ball
1-0: Ball
2-0: Called Strike
2-1: Called Strike
2-2: Foul Ball, location: 2F
2-2: Single, Error in OF, E8, batter to second base (Groundball, 4MD, EV 106.2 MPH)
Pinch Hitting: RHB Jamie Ingram 0-0: Ball
1-0: Ball
2-0: Called Strike
2-1: Foul Ball, location: 2F
2-2: Ground out U3 (Groundball, 3, EV 83.8 MPH)
Top of the 9th over - 4 runs, 3 hits, 1 error, 1 left on base; Cincinnati (NYP) 11 - Boise 3
BOTTOM OF THE 9TH
Boise Hawks batting - Pitching for Cincinnati (NYP) Reds : RHP Danny Felan
Now at 1B: Jamie Ingram
Batting: RHB Larry Hardman 0-0: Foul Ball, location: 2F
0-1: Swinging Strike
0-2: Strikes out looking
Batting: RHB Steve Blackshear 0-0: Called Strike
0-1: SINGLE (Groundball, 6MD, EV 106.2 MPH)
Pitching: RHP Nick Miller
Batting: RHB Chris Kinder 0-0: DOUBLE (Flyball, 89D, EV 108.1 MPH)
Steve Blackshear to third
Batting: RHB Chris Simmons 0-0: Fly out, F5 (Line Drive, 56, EV 65.6 MPH)
Pinch Hitting: SHB Charlie Diesel 0-0: Called Strike
0-1: Ball
1-1: Foul Ball, location: 2F
1-2: Strikes out swinging
Bottom of the 9th over - 0 runs, 2 hits, 0 errors, 2 left on base; Cincinnati (NYP) 11 - Boise 3
Thursday, December 15th , 2022 - OOTP Baseball 23.9 Build 102